 Dungeon Crawl Stone Soup version 0.21.1-1-g345015f (webtiles) character file.

304 Monsterracer the Insei (level 6, -2/42 HPs)
             Began as an Octopode Monk on Apr 19, 2018.
             Was an Initiate of Gozag.
             Killed by divine providence
             ... invoked by an orc priest
              (15 damage)
             ... on level 3 of the Dungeon.
             The game lasted 00:04:07 (3082 turns).

Monsterracer the Insei (Octopode Monk)              Turns: 3082, Time: 00:04:08

Health: -2/42      AC:  1    Str: 10    XL:     6   Next: 38%
Magic:  6/6        EV: 14    Int: 14    God:    Gozag
Gold:   164        SH:  0    Dex: 15    Spells: 5/5 levels left

rFire    . . .     SeeInvis .     - Unarmed
rCold    . . .     Gourm    .   (no shield)
rNeg     . . .     Faith    .   (helmet restricted)
rPois    .         Spirit   .   (no amulet)
rElec    .         Reflect  .   (no ring)
rCorr    .         Harm     .   (no ring)
MR       .....                  (no ring)
Stlth    +++.......             (no ring)
HPRegen  0.14/turn              (no ring)
MPRegen  0.10/turn              (no ring)
                                (no ring)
                                (no ring)

@: slowed, very slow
A: almost no armour, stealthy swim, amphibious, 8 rings, constrict 8, camouflage
1, gelatinous body 1
a: Potion Petition, Call Merchant, Bribe Branch, Renounce Religion


You were on level 3 of the Dungeon.
You worshipped Gozag.
Gozag was aware of your devotion.
You were not hungry.

You visited 1 branch of the dungeon, and saw 3 of its levels.

You collected 164 gold pieces.

Inventory:

Scrolls
 e - a scroll of teleportation
Potions
 a - 2 potions of berserk rage {!q}
 b - a potion of curing {unknown}
 d - 2 potions of resistance
 f - 2 potions of ambrosia {unknown}
Comestibles
 c - 5 rations


   Skills:
 + Level 3.2 Fighting
 + Level 3.1 Dodging
 + Level 3.1 Stealth
 * Level 6.7 Unarmed Combat


You had 5 spell levels left.
You didn't know any spells.

Dungeon Overview and Level Annotations

Branches:
Dungeon (3/15)

Altars:
Gozag

Annotations:
D:3 Natasha


Innate Abilities, Weirdness & Mutations

You cannot wear most types of armour.
You are very stealthy in the water. (Stealth+)
You are amphibious.
You can wear up to eight rings at the same time.
You can use your tentacles to constrict eight enemies at once.
Your skin changes colour to match your surroundings (Stealth+).
Your rubbery body absorbs attacks. (AC +1, EV +1)


Message History

The hobgoblin is moderately wounded.
You constrict the hobgoblin. The hobgoblin barely misses you.
You tentacle-slap the hobgoblin.
You kill the hobgoblin!
You barely miss the adder. You grab the adder. You squeeze the adder.
The adder is severely wounded.
You constrict the adder. The adder completely misses you.
You tentacle-slap the adder.
You kill the adder!
Your Stealth skill increases to level 3!
You bludgeon the frilled lizard!
You kill the frilled lizard!
Things that are here:
22 gold pieces; a club You tentacle-slap the dart slug.
You grab the dart slug.
The dart slug is severely wounded.
You constrict the dart slug. The dart slug launches a dart at you.
The slug dart hits you!
You take 4 damage, and have 38/42 hp.
You tentacle-slap the dart slug.
You kill the dart slug!
You barely miss the rat. You grab the rat. You constrict the rat.
You kill the rat!
No target in view!
No target in view!
HP restored.
You now have 139 gold pieces (gained 22).
You see here a club.
You now have 151 gold pieces (gained 12).
Health restored: 42 A howler monkey is nearby!
The howler monkey howls!
You tentacle-slap the howler monkey. You grab the howler monkey.
You squeeze the howler monkey!
The howler monkey is severely wounded.
You constrict the howler monkey. The howler monkey barely misses you.
You bludgeon the howler monkey!
You kill the howler monkey!
No target in view!
No target in view!
No target in view!
You now have 158 gold pieces (gained 7).
Found an escape hatch in the ceiling.
You now have 164 gold pieces (gained 6).
You open the door.
There is an open door here.
Found a stone staircase leading up.
You see here a club.
A bat comes into view.
The bat moves out of view.
The bat completely misses you.
You bludgeon the bat!
You kill the bat!
No target in view!
No target in view!
An orc comes into view. It is wielding a whip.
The orc shouts!
An orc comes into view. It is wielding a hand axe.
You see here 4 gold pieces.
There are monsters nearby!
There are monsters nearby!
An orc priest comes into view. It is wielding a whip.
An orc priest and Natasha come into view.
The orc barely misses you.
You closely miss the orc.
Natasha hisses angrily.
The orc priest shouts! x2
You grab the orc. You squeeze the orc.
The orc is almost dead.
You constrict the orc, but do no damage.
You hear a shout!
The orc completely misses you. The orc closely misses you.
You release your grip on the orc.
The orc priest looks braver for a moment.
The orc priest calls down the wrath of Beogh upon you.
Beogh smites you!
You take 12 damage, and have 30/42 hp.
MASSIVE DAMAGE!!
You see here 4 gold pieces.
The orc priest calls down the wrath of Beogh upon you.
Beogh smites you!
You take 8 damage, and have 22/42 hp.
Natasha casts a spell at you.
You feel yourself slow down.
The orc priest invokes the aid of Beogh against you.
Beogh smites you!
* * * LOW HITPOINT WARNING * * *
You take 11 damage, and have 11/42 hp.
MASSIVE DAMAGE!!
Natasha casts a spell.
The shadow imp misses you. The shadow imp barely misses you.
There is a stone staircase leading down here.
Natasha stares at you and mumbles some strange words.
You resist with some effort. The shadow imp barely misses you.
The orc misses you. Natasha casts a spell at you.
You feel as though you will be slow longer.
The orc priest invokes the aid of Beogh against you.
Beogh smites you!
You die...
Your body crumbles into a pile of gold.

#.###.#########..# #$...#
#...#.#......##..###oo..##
###.#.#.####.##..o.ho....###.#
#.#......#.##.o#####........
#.####.#.#.##..# #........
#.####.#.#.##..# #.......
#......#.#...ho# ##.......
########.####5.####....###
#.....# ##@o.......# #.#####
#####.....# #.# #.....######
#.# #..........# #.#
#.##.#####.# #.# #)##.### #.#
#####.# #.##...# #.# #.....#
#.####.# #.# #.##### #......#
#.#


You could see 2 orc priests, Natasha, a shadow imp and 2 orcs.

Vanquished Creatures
  Sigmund (D:2)
  A howler monkey (D:3)
  Robin (D:2)
  An adder (D:3)
  2 oozes
  2 worms
  2 dart slugs
  2 leopard geckos
  7 bats
  3 giant cockroaches
  9 goblins
  10 hobgoblins
  7 jackals (D:2)
  8 kobolds
  2 frilled lizards
  7 rats
65 creatures vanquished.

Notes
Turn   | Place    | Note
-------+----------+-------------------------------------------
     0 | D:1      | Monsterracer the Octopode Monk began the quest for the Orb.
     0 | D:1      | Reached XP level 1. HP: 16/16 MP: 1/1
   145 | D:1      | HP: 7/16 [leopard gecko (3)]
   146 | D:1      | Reached XP level 2. HP: 9/21 MP: 2/2
   849 | D:1      | Reached skill level 4 in Unarmed Combat
   941 | D:1      | HP: 5/21 [kobold/short sword (8)]
   942 | D:1      | Reached XP level 3. HP: 6/26 MP: 3/3
  1420 | D:2      | Noticed Robin
  1563 | D:1      | Reached XP level 4. HP: 28/31 MP: 4/4
  1600 | D:2      | Killed Robin
  1620 | D:2      | Noticed Sigmund
  1624 | D:2      | Reached skill level 5 in Unarmed Combat
  1625 | D:2      | HP: 13/31 [Sigmund/magic dart (7)]
  1704 | D:2      | HP: 5/31 [Sigmund/scythe (16)]
  1967 | D:2      | HP: 14/31 [Sigmund/magic dart (5)]
  1969 | D:2      | Killed Sigmund
  1969 | D:2      | Reached skill level 6 in Unarmed Combat
  1969 | D:2      | Reached XP level 5. HP: 15/36 MP: 5/5
  1969 | D:2      | Reached XP level 6. HP: 17/42 MP: 6/6
  2260 | D:2      | Found a faded altar of an unknown god.
  2280 | D:2      | Became a worshipper of Gozag Ym Sagoz the Greedy
  2377 | D:2      | Found an opulent altar of Gozag.
  3066 | D:3      | Noticed Natasha
  3073 | D:3      | HP: 11/42 [orc priest/divine providence (11)]
  3082 | D:3      | Killed from afar by an orc priest

Skill      XL: |  1  2  3  4  5  6 |
---------------+-------------------+-----
Unarmed Combat | 4 6 |  6.7
Stealth        | 3 |  3.1
Fighting       | |  3.2
Dodging        | |  3.1

Action                   |  1- 3 |  4- 6 || total
-------------------------+-------+-------++-------
Melee: Unarmed           |    95 |    50 ||   145
       Constrict         |    22 |    17 ||    39
       Tentacles         |    13 |    15 ||    28
       Punch             |     3 |     2 ||     5
  Use: Scroll            |       |     6 ||     6
 Stab: Sleeping          |     8 |     3 ||    11
       Distracted        |       |     1 ||     1
  Eat: Chunk             |     2 |     2 ||     4
       Ration            |       |     1 ||     1
Armor: Skin              |     4 |       ||     4
Dodge: Dodged            |    71 |    31 ||   102

Vault maps used:
D:1:      co_arrival_hexagon_in_a_hexagon, eino_curves_02,
          minmay_misc_feat_alley
D:2:      chequers_ecumenical_altar_simple_redux, first_ration,
          grunt_gozag_breadcrumbs, uniq_sigmund, uniq_robin
D:3:      uniq_jessica, uniq_natasha
